 Dungeon Crawl Stone Soup version 0.19.5 (webtiles) character file.

1134 sveltemanboy the Stinger (level 8, -5/56 HPs)
             Began as a Demonspawn Venom Mage on Mar 22, 2017.
             Was an Initiate of Vehumet.
             Slain by a wight
             ... wielding a +0 great sword
              (6 damage)
             ... on level 6 of the Dungeon.
             The game lasted 00:20:55 (5921 turns).

sveltemanboy the Stinger (Demonspawn Venom Mage)    Turns: 5921, Time: 00:20:55

Health: -5/56      AC: 14    Str:  8 (9)  XL:     8   Next: 14%
Magic:  0/12       EV: 11    Int: 17 (18) God:    Vehumet [......]
Gold:   215        SH:  0    Dex: 14      Spells: 3 memorised, 5 levels left

rFire  . . .     SeeInvis .     C - +2 hand axe (venom)
rCold  + . .     Gourm    .     g - +0 robe {MR+}
rNeg   . . .     Faith    .     (no shield)
rPois  .         Spirit   +     (no helmet)
rElec  .         Reflect  .     v - +1 cloak {MR+}
rCorr  .         Harm     .     (no gloves)
MR     ++...     Rnd*Tele +     k - +0 pair of boots
Stlth  +.........               x - amulet of magic regeneration
                                (no ring)
                                (no ring)

@: sanguine armour, heavily drained
A: hooves 1, cold resistance 1, teleportitis 1, magic shield, sanguine armour 2
a: Renounce Religion


You were on level 6 of the Dungeon.
You worshipped Vehumet.
Vehumet was noncommittal.
You were not hungry.

You visited 2 branches of the dungeon, and saw 7 of its levels.

You collected 215 gold pieces.

Inventory:

Hand Weapons
 C - a +2 hand axe of venom (weapon)
Missiles
 y - an exploding tomahawk (quivered)
Armour
 g - a +0 robe of magic resistance (worn)
 k - a +0 pair of boots (worn)
 v - a +1 cloak of magic resistance (worn)
Jewellery
 x - an amulet of magic regeneration (around neck)
Wands
 t - a wand of lightning (0/15)
Scrolls
 e - a scroll of identify
 f - a scroll of amnesia {unknown}
 h - a scroll of immolation {unknown}
 j - 2 scrolls of fog {unknown}
 l - 3 scrolls of remove curse {unknown}
 o - a scroll of enchant weapon {unknown}
 q - a scroll of enchant armour {unknown}
 u - 4 scrolls of teleportation {unknown}
 w - a scroll of random uselessness {unknown}
 A - a scroll of brand weapon {unknown}
Potions
 s - a potion of cancellation
 z - a potion of curing
Books
 a - a book of Maledictions

   Spells                             Type                      Level
   a - Corona                         Hexes                        1
   b - Ensorcelled Hibernation        Hexes/Ice                    2
   c - Confuse                        Hexes                        3
   d - Tukima's Dance                 Hexes                        3
   e - Dazzling Spray                 Conjuration/Hexes            3
 b - a Young Poisoner's Handbook

   Spells                             Type                      Level
   a - Sting                          Conjuration/Poison           1
   b - Mephitic Cloud                 Conjuration/Poison/Air       3
   c - Olgreb's Toxic Radiance        Poison                       4
   d - Alistair's Intoxication        Transmutation/Poison         5
   e - Venom Bolt                     Conjuration/Poison           5
Comestibles
 c - 2 bread rations
 i - 3 fruits
 m - a meat ration
 p - 2 beef jerkies


   Skills:
 - Level 2.0(0.4) Fighting
 + Level 0.5(0.0) Axes
 - Level 1.7(0.1) Dodging
 - Level 1.7(0.1) Stealth
 - Level 3.0(1.3) Spellcasting
 + Level 6.5(4.7) Conjurations
 - Level 1.0(0.0) Air Magic
 - Level 7.0(5.1) Poison Magic


You had 5 spell levels left.
You knew the following spells:

 Your Spells              Type           Power        Failure   Level  Hunger
a - Sting                 Conj/Pois      ###.         2%          1    ##.....
b - Mephitic Cloud        Conj/Pois/Air  ##......     17%         3    ####...
c - Olgreb's Toxic Radia  Pois           ###.....     30%         4    #####..


Dungeon Overview and Level Annotations

Branches:
Dungeon (6/15)             Temple (1/1) D:4

Altars:
Ashenzari
Cheibriados
Elyvilon
Fedhas
Kikubaaqudgha
Makhleb
Nemelex Xobeh
Qazlal
Ru
Vehumet
Zin

Shops:
D:4 :


Innate Abilities, Weirdness & Mutations

Your flesh is cold resistant. (rC+)
When hurt, damage is shared between your health and your magic reserves.
When seriously injured, your bleeding wounds create thick armour. (AC +9)
You have large cloven feet.
You are occasionally teleported next to monsters.


Message History

The wight is almost destroyed.
The wight hits you with a great sword!
* * * LOW HITPOINT WARNING * * *
You barely miss the wight.
The wight is almost destroyed.
The wight closely misses you.
You hit the wight.
The wight is almost destroyed.
The wight hits you but does no damage.
You hit the wight.
The wight is almost destroyed.
The wight hits you with a great sword.
* * * LOW HITPOINT WARNING * * *
You hit the wight but do no damage.
The wight is almost destroyed.
The wight hits you but does no damage.
You hit the wight but do no damage.
The wight is almost destroyed.
The wight hits you with a great sword!
You die...

##......## #.....##
#......#
(........####.....###.....#
..........####.....##.....#
..........................#
.........................#
.................##......#
............###..###.....##
##........... #..#
###....###
##..........###@# ##.....##
###......... #z# ##.....##
## ###.......##.#
###....### .### #.##
#>.....# ...### ##..#####
#.##.... .....##
##.......## #####...
......## #.........### ##..
###....### ##...........###
##. ##.......#
##..............#####.


You could see a wight.

Vanquished Creatures
  2 sky beasts (D:5)
  2 ogres
  A centaur (D:5)
  2 scorpions (D:4)
  2 wights (D:6)
  2 jellies
  A bullfrog skeleton (D:5)
  An iguana (D:4)
  2 orc wizards (D:4)
  2 worker ants
  A hound skeleton (D:4)
  A mummy (D:6)
  A worker ant zombie (D:6)
  11 adders
  8 gnolls
  A shadow imp (D:4)
  2 dart slugs
  2 leopard geckos (D:5)
  6 orcs
  3 ball pythons
  4 giant cockroaches
  4 goblins (D:1)
  7 hobgoblins
  14 jackals
  A quokka (D:5)
  4 bats
  3 frilled lizards
  A jackal skeleton (D:6)
  9 kobolds
  5 rats
105 creatures vanquished.

Notes
Turn   | Place    | Note
-------+----------+-------------------------------------------
     0 | D:1      | sveltemanboy the Demonspawn Venom Mage began the quest for the Orb.
     0 | D:1      | Reached XP level 1. HP: 13/13 MP: 3/3
   180 | D:1      | Reached skill level 1 in Conjurations
   265 | D:1      | Gained mutation: When seriously injured, your bleeding wounds create armour. (AC +9) [demonic ancestry]
   265 | D:1      | Reached XP level 2. HP: 15/19 MP: 0/5
   941 | D:2      | Found a snail-covered altar of Cheibriados.
  1051 | D:2      | Reached XP level 3. HP: 21/24 MP: 0/6
  1335 | D:2      | Gained mutation: Your flesh is cold resistant. (rC+) [demonic ancestry]
  1335 | D:2      | Reached XP level 4. HP: 22/30 MP: 3/8
  1399 | D:2      | Learned a level 3 spell: Mephitic Cloud
  1918 | D:3      | Reached skill level 1 in Air Magic
  2128 | D:3      | Reached XP level 5. HP: 36/36 MP: 6/9
  2793 | D:4      | Noticed an ogre
  2801 | D:4      | Killed an ogre
  2801 | D:4      | Reached skill level 1 in Fighting
  2836 | D:4      | Reached XP level 6. HP: 37/43 MP: 7/10
  2933 | D:4      | Learned a level 4 spell: Olgreb's Toxic Radiance
  2971 | D:4      | Reached skill level 5 in Poison Magic
  3203 | D:4      | Found a blossoming altar of Fedhas.
  3289 | D:4      | Found Rolunaj's Book Boutique.
  3316 | D:4      | Found a staircase to the Ecumenical Temple.
  3922 | D:5      | Entered Level 5 of the Dungeon
  4030 | D:5      | Reached skill level 5 in Conjurations
  4030 | D:5      | Gained mutation: When hurt, damage is shared between your health and your magic reserves. [demonic ancestry]
  4030 | D:5      | Reached XP level 7. HP: 23/50 MP: 11/11
  4400 | Temple   | Entered the Ecumenical Temple
  4460 | Temple   | Became a worshipper of Vehumet
  4568 | D:5      | Reached skill level 6 in Poison Magic
  4573 | D:5      | Gained mutation: You evolve. [mutagenic meat]
  4945 | D:5      | Gained mutation: You are weak. (Str -2) [mutagenic meat]
  4946 | D:5      | Gained mutation: You are occasionally teleported next to monsters. [mutagenic meat]
  4947 | D:5      | Gained mutation: You have large cloven feet. [potion of mutation]
  4947 | D:5      | Gained mutation: You are frail. (-10% HP) [potion of mutation]
  4947 | D:5      | Lost mutation: You are weak. (Str -2) [potion of mutation]
  5112 | D:5      | Gained mutation: Your spells are a little harder to cast, but a little more powerful. [evolution]
  5555 | D:6      | Gained mutation: When seriously injured, your bleeding wounds create thick armour. (AC +9) [demonic ancestry]
  5555 | D:6      | Reached XP level 8. HP: 50/50 MP: 9/12
  5589 | D:6      | Found a sand-covered staircase.
  5808 | D:6      | Reached skill level 7 in Poison Magic
  5905 | D:6      | Lost mutation: You are frail. (-10% HP) [potion of cure mutation]
  5905 | D:6      | Lost mutation: You evolve. [potion of cure mutation]
  5905 | D:6      | Lost mutation: Your spells are a little harder to cast, but a little more powerful. [potion of cure mutation]
  5916 | D:6      | HP: 1/56 [wight/great sword (4)]
  5921 | D:6      | Slain by a wight

Skill      XL: |  1  2  3  4  5  6  7  8 |
---------------+-------------------------+-----
Conjurations   | 1 2 3 4 5 6 |  6.5
Spellcasting   | 3 |  3.0
Air Magic      | 1 |  1.0
Fighting       | 1 2 |  2.0
Poison Magic   | 5 6 7 |  7.0
Axes           | |  0.5
Dodging        | |  1.7
Stealth        | |  1.7

Action                   |  1- 3 |  4- 6 |  7- 9 || total
-------------------------+-------+-------+-------++-------
Melee: Unarmed           |     6 |       |       ||     6
       Short sword       |    15 |   163 |   168 ||   346
       Hand axe          |       |       |    58 ||    58
Throw: Tomahawk          |    16 |    19 |     9 ||    44
 Cast: Sting             |    63 |    66 |    52 ||   181
       Mephitic Cloud    |       |     1 |     1 ||     2
Evoke: Wand              |       |     4 |       ||     4
  Use: Scroll            |       |     5 |     1 ||     6
       Potion            |       |     3 |     7 ||    10
 Stab: Confused          |       |       |     1 ||     1
  Eat: Chunk             |     2 |     8 |     9 ||    19
       Fruit             |       |       |     2 ||     2
Armor: Robe              |     8 |    51 |    71 ||   130
Dodge: Dodged            |    23 |    91 |   124 ||   238
